 Dungeon Crawl Stone Soup version 0.32-a0-705-g60f2335 (webtiles) character file.

Game seed: 3491732514937459152

294 Dorkslayer the Ruffian (level 6, -25/42 HPs)
             Began as an Octopode Fighter on Mar 14, 2024.
             Annihilated by an ogre
             ... wielding a +0 giant spiked club
              (38 damage)
             ... on level 5 of the Dungeon.
             The game lasted 00:08:20 (3205 turns).

Dorkslayer the Ruffian (Octopode Fighter)           Turns: 3205, Time: 00:08:20

Health: -25/42     AC:  1    Str: 17    XL:     6   Next: 33%
Magic:  6/6        EV: 12    Int: 10    God:
Gold:   18         SH:  4    Dex: 12    Spells: 5/5 levels left

rFire   + .          .
                       - Unarmed
rCold   . . .        a - +0 buckler
rNeg    . . .        (helmet restricted)
rPois   .            (no amulet)
rElec   .            k - ring of protection from fire
rCorr   +            l - ring of resist corrosion
SInv    .            (no ring)
Will    .....        (no ring)
Stlth   +++          (no ring)
HPRegen 0.27/turn    (no ring)
MPRegen 0.10/turn    (no ring)
                     (no ring)

%: no passive effects
@: no status effects
A: almost no armour, amphibious, 8 rings, camouflage 1, gelatinous body 1,
(nimble swimmer 1), tentacles
a: no special abilities


You were on level 5 of the Dungeon.
You visited 1 branch of the dungeon, and saw 5 of its levels.

You collected 213 gold pieces.
You spent 195 gold pieces at shops.

Inventory:

Missiles
 e - 4 javelins
 j - 8 boomerangs (quivered)
Armour
 a - a +0 buckler (worn)
Jewellery
 k - a ring of protection from fire (left tentacle)
 l - a ring of resist corrosion (right tentacle)
Scrolls
 b - a scroll of enchant weapon
 d - a scroll of enchant armour {unknown}
 f - 2 scrolls of fog
 h - a scroll of poison
 m - a scroll of acquirement {unknown}
 n - a scroll of torment {unknown}
 p - a scroll of revelation
 q - a scroll of immolation
Potions
 c - a potion of curing
 g - a potion of lignification
 i - 2 potions of enlightenment
 o - a potion of mutation {unknown}


   Skills:
 + Level 3.5 Fighting
 + Level 0.2 Throwing
 + Level 3.6 Dodging
 + Level 2.7 Stealth
 + Level 3.6 Shields
 * Level 4.8 Unarmed Combat


You had 5 spell levels left.
You didn't know any spells.
Your spell library contained the following spells:

 Spells                   Type           Power      Damage    Failure   Level
 Inner Flame              Hex/Fire       0%         N/A       82%         3
 Irradiate                Conj/Alch      0%         3d11      100%        5
 Iskenderun's Battlesphe  Conj           0%         2d6       100%        5
 Bombard                  Conj/Erth      0%         9d1       100%        6
 Spellforged Servitor     Conj/Summ      0%         N/A       100%        7
 Ignition                 Fire           0%         3d3       100%        8


Dungeon Overview and Level Annotations

Branches:
Dungeon (5/15)
 Temple: D:4-7

Altars:
Uskayaw
Wu Jian

Shops:
D:5 ?


Innate Abilities, Weirdness & Mutations

You cannot wear most types of armour.
You are amphibious.
You can wear up to eight rings at the same time.
Your skin changes colour to match your surroundings (Stealth+).
Your rubbery body absorbs attacks. (AC +1, EV +1)
((You are camouflaged when in or above water. (Stealth+)))
You have tentacles for arms and can constrict up to eight enemies at once.


Message History

o - 2 scrolls of identify (gained 1);
p - a scroll of revelation
q - a scroll of immolation Thank you for shopping at Sefiteag's Magic Scroll Boutique!
As you read the scroll of identify, it crumbles to dust.
i - a potion of enlightenment
As you read the scroll of identify, it crumbles to dust.
b - a scroll of enchant weapon HP restored.
Found a stone staircase leading down.
Found 12 gold pieces.
You now have 18 gold pieces (gained 12).
Found a stone staircase leading up.
o - a fuming puce potion You see here a staff of fire.
i - 2 potions of enlightenment (gained 1)
An adder comes into view.
The adder moves out of view.
Found 4 stones.
You see here 4 stones.
An ogre comes into view. It is wielding a +0 giant spiked club.
You tentacle-slap the ogre but do no damage.
You block the ogre's attack.
The adder hisses angrily.
You tentacle-slap the ogre.
Your tentacle-slap misses the ogre.
You squeeze the ogre!
The ogre is heavily wounded.
The ogre hits you with a +0 giant spiked club!!
Ouch! That really hurt!
* * * LOW HITPOINT WARNING * * *
Okay, then.
You tentacle-slap the ogre.
The ogre is heavily wounded.
You tentacle-slap the ogre. You squeeze the ogre.
The ogre is almost dead.
The ogre completely misses you.
You barely miss the ogre.
The ogre is almost dead.
The ogre hits you with a +0 giant spiked club!!!
Ouch! That really hurt!
You die...

.....##.......#
#.....(......# .
##......###..##
..#.......######
.....##....#
.....##....#
......#....###
.............#
.....SO@....##
............#
...........##
..........##
.####......
##.#...# ..#..##
.. ..#


You could see an ogre and an adder.

Vanquished Creatures
  A bombardier beetle (D:4)
  A sleepcap (D:4)
  Jessica (D:2)
  4 gnolls (D:3)
  5 adders
  A white imp (D:4)
  2 dart slugs
  6 ribbon worms
  2 orcs
  8 ball pythons
  5 endoplasms
  4 giant cockroaches
  11 goblins
  15 hobgoblins
  7 jackals
  5 quokkas
  5 bats
  8 kobolds
  5 rats
96 creatures vanquished.

Notes
Turn   | Place    | Note
-------+----------+-------------------------------------------
     0 | D:1      | Dorkslayer the Octopode Fighter began the quest for the
                  | Orb.
     0 | D:1      | Reached XP level 1. HP: 16/16 MP: 1/1
    62 | D:1      | Reached XP level 2. HP: 20/21 MP: 2/2
    93 | D:1      | Found a faded altar of an unknown god.
   178 | D:1      | Reached XP level 3. HP: 13/26 MP: 3/3
   870 | D:2      | Reached skill level 1 in Stealth
   898 | D:2      | Noticed Jessica
   921 | D:2      | Killed Jessica
   922 | D:2      | Reached skill level 3 in Unarmed Combat
   922 | D:2      | Reached XP level 4. HP: 18/31 MP: 4/4
  1374 | D:3      | Reached XP level 5. HP: 13/36 MP: 5/5
  1376 | D:3      | Found an ornate altar of the Wu Jian Council.
  2110 | D:3      | Reached skill level 4 in Unarmed Combat
  2590 | D:4      | Reached XP level 6. HP: 39/42 MP: 6/6
  2794 | D:4      | Noticed a +0 dagger
  2794 | D:4      | Noticed a +0 falchion
  2794 | D:4      | Noticed a +0 spear
  2794 | D:4      | Noticed a +0 short sword
  2794 | D:4      | Noticed a +0 spear
  2794 | D:4      | Noticed a +0 falchion
  2795 | D:4      | Noticed a +0 short sword
  2813 | D:4      | Found a hide-covered altar of Uskayaw.
  2814 | D:4      | Noticed a +0 dagger
  3051 | D:5      | Entered Level 5 of the Dungeon
  3057 | D:5      | Found Sefiteag's Magic Scroll Boutique.
  3078 | D:5      | Bought a scroll of fog for 40 gold pieces
  3078 | D:5      | Bought a scroll of identify for 20 gold pieces
  3078 | D:5      | Bought a scroll of identify for 20 gold pieces
  3078 | D:5      | Bought a scroll of revelation for 75 gold pieces
  3078 | D:5      | Bought a scroll of immolation for 40 gold pieces
  3205 | D:5      | Annihilated by an ogre

Illustrated notes

Levels and vault maps discovered:
D:1:      minmay_arrival_plants_in_alcoves, layout_rooms,
          nicolae_ecumenical_snake_handling
D:2:      layout_loops_cross, kennysheep_generic_room_3, uniq_jessica
D:3:      layout_basic, mainiacjoe_overflow_cross_hatched, minmay_unequal
D:4:      layout_basic, nicolae_uskayaw_en_pointe
D:5:      layout_cave_pools, serial_shops, shop

Skill      XL: |  1  2  3  4  5 |
---------------+----------------+-----
Stealth        | 1 2 |  2.7
Unarmed Combat | 3 4 |  4.8
Fighting       | |  3.5
Throwing       | |  0.2
Dodging        | |  3.6
Shields        | |  3.6

Action                     |  1- 3 |  4- 6 || total
---------------------------+-------+-------++-------
  Melee: Unarmed           |    81 |   100 ||   181
         Tentacles         |    18 |    24 ||    42
         Constrict         |    24 |    27 ||    51
         Punch             |     3 |     6 ||     9
  Throw: Javelin           |       |     4 ||     4
         Boomerang         |       |     3 ||     3
    Use: Potion            |       |     7 ||     7
         Scroll            |       |     3 ||     3
   Stab: Sleeping          |     5 |    11 ||    16
 Armour: Skin              |    43 |    60 ||   103
  Dodge: Dodged            |    33 |    39 ||    72
  Block: Buckler           |    17 |    17 ||    34

Table legend: (Time is in decaauts)
 A = Elapsed time spent in this place.
 B = Non-inter-level travel time spent in this place.
 C = Inter-level travel time spent in this place.
 D = Time resting spent in this place.
 E = Time spent auto-exploring this place.
 F = Levels seen in this place.
 G = Mean time per level.
                   A        B        C        D        E       F      G
               +--------+--------+--------+--------+--------+-----+--------+
         Total |   3182 |   3182 |      0 |      8 |   1760 |   5 |  636.4 |
       Dungeon |   3182 |   3182 |      0 |      8 |   1760 |   5 |  636.4 |
               +--------+--------+--------+--------+--------+-----+--------+

Top non-repeatable levels by time:
     D:3: 1166 daAuts
     D:2: 781 daAuts
     D:1: 571 daAuts
     D:4: 511 daAuts
     D:5: 153 daAuts
